[Event "*** Titled Tuesday Blitz"]
[Site "Chess.com"]
[Date "2020.02.04"]
[Round "8"]
[White "2165149677570"]
[Black "Eloist"]
[Result "1/2-1/2"]
[WhiteElo "2288"]
[BlackElo "2235"]
[TimeControl "180+2"]
[EndTime "14:54:43 PST"]
[Termination "Game drawn by agreement"]

1. d4 e6 2. e4 d5 3. Nd2 Nf6 4. e5 Nfd7 5. f4 c5 6. c3 Nc6 7. Ndf3 Qb6 8. g3 cxd4 9. cxd4 Bb4+ 10.
Kf2 f6 11. Kg2 O-O 12. Bd3 Rf7 13. Ne2 Nf8 14. h4 Bd7 15. g4 Rc8 16. Be3 Be7 17.
Rb1 Nb4 18. f5 Nxd3 19. Qxd3 Bb5 20. Qd2 exf5 21. gxf5 Qa6 22. Nf4 fxe5 23. dxe5 Rxf5 24. Qxd5+ Kh8 25. Qe4 g6 26. Nd4 Bc6 27. Nxc6 Qxc6 28. Qxc6 Rxc6 29. Rbc1 Kg8 30. Rxc6 bxc6 31. Nd3 Nd7 32.
e6 Ne5 33. Nxe5 Rxe5 34. Bxa7 Rxe6 35. Kf3 c5 36. a3 Kf7 37. h5 g5 38. Rc1 Re5 39.
Bb8 Rf5+ 40. Ke4 Ke6 41. h6 Rf2 42. b4 cxb4 43. axb4 Rb2 44. Rc7 Rxb4+ 45. Kf3 Rxb8 46. Rc6+ Bd6 47. Kg4 Rb5 48. Ra6 Rc5 49. Rb6 Kd7 50. Rb7+ Bc7 51. Ra7 Kc6 52. Ra6+ Bb6 53. Ra8 Rd5 54.
Rh8 Rd7 55. Kxg5 Kd5 56. Rg8 Be3+ 57. Kh5 Re7 58. Rg7 Ke6 59. Rxe7+ Kxe7 60. Kg4 Kf7 61. Kh3 Kf6 62. Kg2 Bxh6 63. Kh1 Bg5 64. Kg2 h5 65. Kh1 h4 66. Kg2 Kf5 67. Kh1 Kg4 68. Kg2 1/2-1/2

[Event "*** Titled Tuesday Blitz"]
[Site "Chess.com"]
[Date "2020.02.04"]
[Round "8"]
[White "FrogMist"]
[Black "MartinCerveny"]
[Result "1-0"]
[WhiteElo "2411"]
[BlackElo "2560"]
[TimeControl "180+2"]
[EndTime "14:54:45 PST"]
[Termination "FrogMist won by resignation"]

1. e3 d5 2. Nf3 Nf6 3. b3 Bg4 4. Bb2 Nbd7 5. Be2 e6 6. d3 c5 7. Nbd2 a5 8. a4 Be7 9. h3 Bh5 10. Ne5 Bxe2 11. Qxe2 O-O 12. f4 Nxe5 13. Bxe5 Nd7 14.
Nf3 f6 15. Bb2 Qc7 16. O-O Rfd8 17. Rae1 Rab8 18. e4 d4 19. Bc1 b5 20. axb5 Rxb5 21. Nd2 a4 22. bxa4 Rb4 23. Nc4 Nb6 24. Bd2 Rxa4 25.
Ba5 Rxa5 26. Nxa5 Ra8 27. Ra1 Qc8 28. Nb3 Na4 29. Qf3 Nc3 30. e5 Rb8 31. Ra7 Nd5 32. Rfa1 f5 33. Kh2 Qe8 34. Nd2 g5 35.
fxg5 Bxg5 36. Nc4 Qg6 37. Ra8 Rxa8 38. Rxa8+ Kg7 39. Ra7+ Kh6 40. Nd6 Be7 41. Nc8 Bg5 42.
Nd6 Be7 43. Qg3 f4 44. Qf3 Qg7 45. Qg4 Qxg4 46. hxg4 Kg5 47. Nc8 Bf8 48. Rxh7 Ne3 49. Kh3 Nxc2 50. Rf7 Bh6 51. Nd6 Ne1 52. Rf6 1-0

[Event "*** Titled Tuesday Blitz"]
[Site "Chess.com"]
[Date "2020.02.04"]
[Round "8"]
[White "cottage_cheese"]
[Black "politeplayer"]
[Result "1/2-1/2"]
[WhiteElo "2273"]
[BlackElo "2154"]
[TimeControl "180+2"]
[EndTime "14:54:48 PST"]
[Termination "Game drawn by repetition"]

1. e4 e5 2. Nf3 Nc6 3. Bb5 Nf6 4. d3 d6 5. Bxc6+ bxc6 6. O-O Bg4 7. Nbd2 Be7 8. b3 O-O 9. Bb2 c5 10. h3 Bh5 11. g4 Bg6 12. Nh4 h5 13. Nf5 Nh7 14.
Kh2 Bg5 15. Nf3 Bf4+ 16. Kg2 Ng5 17. Bc1 Bxf5 18. gxf5 Nxf3 19. Qxf3 Qg5+ 20. Kh1 Bxc1 21. Raxc1 g6 22. Rg1 Qh6 23. Rcf1 Kh7 24. f6 Rg8 25.
Qe3 g5 26. Re1 a5 27. Qf3 Rg6 28. Qf5 Re8 29. Qd7 Qf8 30. Rg2 g4 31. hxg4 hxg4 32.
Rh2+ Rh6 33. Rxh6+ Qxh6+ 34. Kg2 Qh3+ 35. Kg1 Qh5 36. Kg2 Qh3+ 37. Kg1 Qh5 38. Re3 Re6 39.
Qd8 Qg5 40. Rg3 Rxf6 41. Qf8 Rf3 42. Kg2 Rxg3+ 43. Kxg3 Qf4+ 44. Kg2 Qf3+ 45. Kg1 Qd1+ 46. Kg2 Qf3+ 47. Kg1 g3 48. fxg3 Qxg3+ 49. Kf1 Qf3+ 50.
Ke1 Qe3+ 51. Kd1 Qg1+ 52. Kd2 Qf2+ 53. Kc1 Qe3+ 54. Kb2 Qd4+ 55. Kb1 Qg1+ 56. Kb2 Qd4+ 57. Kb1 Qg1+ 58. Kb2 Qd4+ 1/2-1/2

[Event "*** Titled Tuesday Blitz"]
[Site "Chess.com"]
[Date "2020.02.04"]
[Round "8"]
[White "Snegokhod"]
[Black "MikaelyanArman"]
[Result "0-1"]
[WhiteElo "2629"]
[BlackElo "2749"]
[TimeControl "180+2"]
[EndTime "14:54:55 PST"]
[Termination "MikaelyanArman won by resignation"]

1. e4 e5 2. Nf3 Nc6 3. Bb5 a6 4. Bxc6 dxc6 5. Nc3 Qd6 6. d4 exd4 7. Nxd4 c5 8. Nde2 Qxd1+ 9. Nxd1 Nf6 10. f3 Bd7 11.
Bf4 O-O-O 12. Ne3 Be6 13. Rd1 Be7 14. Nc3 Nh5 15. Be5 f6 16. Bg3 Nxg3 17. Rxd8+ Rxd8 18. hxg3 h6 19. g4 c6 20. Nf5 Bf8 21. Ke2 b5 22.
Ra1 Kc7 23. Nd1 g6 24. Nfe3 Bd6 25. Nf2 c4 26. Rh1 Bf8 27. c3 a5 28. Nc2 b4 29.
Nd4 Bf7 30. f4 c5 31. Nc2 Rb8 32. Nd1 b3 33. axb3 cxb3 34. Na3 c4 35. Nb1 a4 36. Ne3 Kc6 37. Rd1 Bc5 38. Nd5 f5 39. gxf5 gxf5 40. Nf6 fxe4 41. g4 e3 42. Rh1 Rd8 43. Rxh6 Rd6 44.
f5 Bd5 45. g5 a3 46. bxa3 Bg2 47. Ng4 Be4 48. Nxe3 Bxe3 49. Kxe3 Bxb1 50. Kf4 Bxf5 51.
Kxf5 Rxh6 52. gxh6 b2 53. Kg6 b1=Q+ 54. Kg7 Qg1+ 55.
Kf7 Qf2+ 56. Kg7 Qg3+ 57. Kf7 Qf4+ 58. Kg7 Qg5+ 59. Kh7 Kd7 60. a4 Ke7 0-1

[Event "*** Titled Tuesday Blitz"]
[Site "Chess.com"]
[Date "2020.02.04"]
[Round "8"]
[White "Poghosyan_Suren"]
[Black "M1711"]
[Result "0-1"]
[WhiteElo "2655"]
[BlackElo "2531"]
[TimeControl "180+2"]
[EndTime "14:54:57 PST"]
[Termination "M1711 won by resignation"]

1. Nf3 c5 2. g3 Nc6 3. Bg2 g6 4. O-O Bg7 5. c4 d6 6. Nc3 e6 7.
b3 Nge7 8. Bb2 O-O 9. e3 b6 10. d4 Bb7 11. d5 exd5 12. cxd5 Nb4 13. e4 Ba6 14. Qd2 Bxf1 15. Bxf1 Qc8 16. Nb5 Bxb2 17.
Qxb2 Rd8 18. Qf6 Qd7 19. Qh4 h5 20. a3 a6 21. Nxd6 Qxd6 22. axb4 cxb4 23. Rxa6 Rxa6 24. Bxa6 Ra8 25. Bc4 f6 26. Qf4 Rd8 27. e5 fxe5 28.
Nxe5 Rf8 29. Qg5 Rf5 30. Qxe7 Qxe7 31. d6+ Kg7 32. dxe7 Rxe5 33. f4 Rxe7 34. Kf2 Ra7 35. h3 Ra2+ 36. Kf3 Rc2 37. Bd5 Rc3+ 38. Kf2 Kf6 39.
g4 Rxh3 40. gxh5 Rxh5 41. Bc4 Rh3 42. Kg2 Rc3 43. Bd5 Kf5 44. Bf7 Kxf4 45. Kf2 g5 46. Ke2 g4 47. Kf2 g3+ 48. Kg2 Rc2+ 49. Kg1 Ke3 50. Bd5 Rb2 51. Kf1 g2+ 52. Kg1 Kd4 53. Bc4 Kc3 54. Bg8 Rxb3 55. Kxg2 Rb2+ 56. Kf1 Rd2 57. Ke1 Rd4 58. Ke2 b3 59. Ke3 b2 60.
Ke2 b5 61. Bh7 b4 62. Bb1 b3 63. Bf5 Rh4 64. Bb1 Rh1 65. Be4 b1=Q 66. Bxb1 Rxb1 0-1

[Event "*** Titled Tuesday Blitz"]
[Site "Chess.com"]
[Date "2020.02.04"]
[Round "8"]
[White "AlexandraBotez"]
[Black "Sjakkerntobi"]
[Result "0-1"]
[WhiteElo "2166"]
[BlackElo "2256"]
[TimeControl "180+2"]
[EndTime "14:54:58 PST"]
[Termination "Sjakkerntobi won by resignation"]

1. d4 Nf6 2. c4 e6 3. Nf3 Bb4+ 4. Bd2 Qe7 5. Nc3 O-O 6. g3 Bxc3 7. Bxc3 Ne4 8. Qc2 Nxc3 9. Qxc3 d6 10. Bg2 Nd7 11. O-O e5 12. e3 e4 13. Nd2 f5 14. b4 Nf6 15. c5 Be6 16. Nc4 g5 17. Rfe1 Rad8 18. Rac1 Qf7 19. a4 Bd5 20. Nd2 Rde8 21.
cxd6 cxd6 22. Qc7 Re7 23. Qxd6 b6 24. b5 Ng4 25. h3 Rd7 26. Qb4 Nh6 27. Nc4 Qe6 28.
Ne5 Rg7 29. Rc3 f4 30. exf4 gxf4 31. Bxe4 fxg3 32. f3 Bxe4 33. Rxe4 Qxh3 34. Qc4+ Kh8 35. Rc2 g2 36. Rc1 Qh1+ 37. Kf2 g1=Q+ 38. Rxg1 Qxg1+ 39. Ke2 Rg2+ 40. Kd3 Qd1+ 41. Ke3 Qe1+ 42. Kd3 Qd1+ 43.
Kc3 Rc2+ 44. Kb4 Rxc4+ 45. Kxc4 Rc8+ 46. Kd5 Qb3+ 47. Kd6 Nf7+ 48. Kd7 Rd8+ 49. Ke7 Nxe5 50. Kxd8 Qd5+ 51. Ke7 Ng6+ 52. Kf6 Qd8+ 53. Kf7 Qf8+ 54.
Ke6 Kg7 55. d5 Qe8+ 56. Kf5 Qd7+ 57. Kg5 Qxd5+ 58. Kg4 h5+ 59. Kg3 h4+ 60. Kg4 Qd7+ 61. Kg5 h3 62. f4 h2 63. f5 Qd2+ 64. Kg4 0-1

[Event "*** Titled Tuesday Blitz"]
[Site "Chess.com"]
[Date "2020.02.04"]
[Round "8"]
[White "INLOVEWITHF"]
[Black "Keaton87"]
[Result "0-1"]
[WhiteElo "2360"]
[BlackElo "2561"]
[TimeControl "180+2"]
[EndTime "14:54:59 PST"]
[Termination "Keaton87 won on time"]

1. d4 d5 2. c4 e6 3. Nf3 Bb4+ 4. Bd2 Qe7 5. a3 Bxd2+ 6. Nbxd2 Nf6 7. g3 O-O 8. Bg2 c5 9. O-O Nc6 10. dxc5 dxc4 11. Nxc4 Qxc5 12. Qc1 e5 13. Ncxe5 Qxc1 14. Raxc1 Re8 15. Nxc6 bxc6 16. Nd4 Bd7 17. Nxc6 Rac8 18. Nxa7 Rb8 19. b4 Rxe2 20. Nc6 Rb6 21. Nd4 Ra2 22. Rc3 g6 23. h3 Kg7 24. g4 Rd6 25. Rd1 Kf8 26. Rcd3 Rb6 27. b5 h5 28. g5 Ne8 29.
Bd5 Rb2 30. a4 Nc7 31. Bc6 Bxc6 32. Nxc6 Nxb5 33. axb5 R2xb5 34. Rd8+ Kg7 35. Ne7 Rxg5+ 36. Kf1 Re6 37. Nd5 Rf5 38. f4 Ra6 39. Kf2 Ra3 40.
Kg2 Rb3 41. Rd7 g5 42. fxg5 Rxg5+ 43. Kh2 Rf5 44. Rg1+ Kh7 45. Rg2 Rff3 46. h4 Rh3+ 47. Kg1 Rb1+ 48. Kf2 Rb2+ 49. Kg1 Rb1+ 50. Kf2 Rb2+ 51.
Kf1 Rh1+ 52. Rg1 Rb1+ 53. Kf2 Rbxg1 54. Rxf7+ Kg6 55. Rf6+ Kg7 56. Rd6 Rg4 57. Rd7+ Kg6 58. Rd6+ Kf7 59. Rf6+ Kg7 60. Rf5 Rhxh4 61. Nf6 Rf4+ 0-1

[Event "*** Titled Tuesday Blitz"]
[Site "Chess.com"]
[Date "2020.02.04"]
[Round "8"]
[White "Sibelephant"]
[Black "MatthewG-p4p"]
[Result "1-0"]
[WhiteElo "3064"]
[BlackElo "2835"]
[TimeControl "180+2"]
[EndTime "14:55:00 PST"]
[Termination "Sibelephant won by resignation"]

1. Nf3 g6 2. e4 Bg7 3. d4 d6 4. Bc4 e6 5. O-O Ne7 6. Bb3 O-O 7. Re1 b6 8. Nbd2 Bb7 9. Nf1 Nd7 10. Ng3 h6 11. c3 c5 12. Bf4 cxd4 13. cxd4 e5 14.
Be3 Kh7 15. dxe5 Nxe5 16. Nxe5 dxe5 17. Rc1 Rc8 18. Qxd8 Rfxd8 19. Bxf7 Nc6 20. Bd5 Ba8 21. h4 Nb4 22. Bxa8 Rxa8 23. h5 Nd3 24. hxg6+ Kxg6 25. Rc6+ Kh7 26. Rd1 Nxb2 27. Rxd8 Rxd8 28. Nf5 Rd7 29.
Bxh6 Bxh6 30. Rxh6+ Kg8 31. g4 Nd3 32. g5 Nf4 33. Rc6 Kh7 34. Kh2 Rd3 35. Rc7+ Kg6 36. Rg7+ Kh5 37. Ne3 Ne6 38. Re7 Nxg5 39. Rxe5 Kg6 40.
Kg3 Rd4 41. Kf4 Nh3+ 42. Kg3 Ng5 43. f3 Rd3 44. Kf2 Nh3+ 45. Kg2 Ng5 46. Nd5 Ra3 47. f4 Nf7 48. Re6+ Kg7 49. e5 Nh6 50. Ne7 Ng4 51. Rg6+ Kf7 52. Rxg4 Kxe7 53. Rg6 Kf7 54. f5 Rxa2+ 55. Kf3 Ra4 56. e6+ Ke7 57. Rg7+ Kd6 58. Rd7+ Kc6 59. f6 Ra1 60. f7 a5 61. Rd8 Rf1+ 62.
Kg2 1-0

[Event "*** Titled Tuesday Blitz"]
[Site "Chess.com"]
[Date "2020.02.04"]
[Round "8"]
[White "AdrianaNikolova"]
[Black "stoleriu"]
[Result "0-1"]
[WhiteElo "2384"]
[BlackElo "2509"]
[TimeControl "180+2"]
[EndTime "14:55:01 PST"]
[Termination "stoleriu won on time"]

1. d4 e6 2. Bf4 Nf6 3. e3 b6 4. Nf3 Bb7 5. Bd3 d6 6. O-O Nbd7 7. h3 Qe7 8. Bh2 g6 9. c4 Bg7 10. Nc3 O-O 11. a4 a5 12. Nb5 Nb8 13. Qc2 Na6 14.
Qe2 Nb4 15. Bb1 Ne4 16. Nd2 Nxd2 17. Qxd2 e5 18. d5 f5 19. Ra3 Rad8 20. Re1 c6 21. Nc3 cxd5 22. Nxd5 Bxd5 23. cxd5 e4 24. Ba2 Rc8 25.
Bb3 Nd3 26. Rb1 Rc5 27. Bc2 Nb4 28. Bb3 Rfc8 29. Raa1 Nd3 30. Bg3 Qf6 31. Kh2 Nxb2 32. Rc1 Nd3 33. Rxc5 Rxc5 34. Rb1 g5 35. f4 gxf4 36.
Bxf4 Bh6 37. Bc2 Bxf4+ 38. exf4 Nb4 39. Bb3 Qc3 40. Qf2 Qf6 41. Qg3+ Kf7 42. Rd1 Rc3 43. Qf2 Rxb3 44. Qxb6 Rb2 45. Qc7+ Qe7 46. Qc8 Qf6 47. Rc1 Nxd5 48. Qd7+ Ne7 49. Rc8 Kg6 50. Re8 Kf7 51. Rd8 Qg7 52. Qe8+ Ke6 53. Qd7+ Kf6 54. Qxd6+ Kf7 55.
Rf8+ Kxf8 56. Qd8+ Kf7 0-1

[Event "*** Titled Tuesday Blitz"]
[Site "Chess.com"]
[Date "2020.02.04"]
[Round "8"]
[White "Witik"]
[Black "heyiampotato"]
[Result "0-1"]
[WhiteElo "2578"]
[BlackElo "2470"]
[TimeControl "180+2"]
[EndTime "14:55:04 PST"]
[Termination "heyiampotato won by resignation"]

1. e4 c5 2. b4 cxb4 3. a3 d5 4.
exd5 Nf6 5. axb4 Nxd5 6. b5 Bf5 7. Nf3 e6 8. d4 Bb4+ 9. Bd2 O-O 10. c4 Bxd2+ 11.
Qxd2 Nb6 12. Nc3 N8d7 13. c5 Nc8 14. Bc4 Nf6 15. O-O Ne7 16. Rfe1 Ned5 17. Nh4 Nxc3 18. Nxf5 Nce4 19. Qf4 exf5 20. Rad1 g6 21. c6 bxc6 22. bxc6 Qd6 23. Qxd6 Nxd6 24. Ba6 Nd5 25. Re5 Nc7 26. Be2 Rfe8 27. Bf3 Rab8 28. Ra5 a6 29. h4 Rb5 30. Ra4 Reb8 31. Kh2 Rb4 32. Ra5 R8b5 33. Raa1 a5 34. h5 Kg7 35. g3 a4 36. d5 Rb3 37.
Kg2 a3 38. Rd2 Rb2 39. Rd3 a2 40. Ra3 Nxd5 41. R3xa2 Rxa2 42. Rxa2 Nb6 43. Rc2 Nbc8 44. c7 Rb4 45. Rc6 Rc4 46. Rxc4 Nxc4 47. hxg6 hxg6 48. Bb7 N4d6 49. Ba6 Kf6 50. Kf3 Ke5 51. Ke3 Kd5 52. Kf4 f6 53. f3 Kd4 54. g4 g5+ 55. Kg3 f4+ 56. Kf2 Kc5 57. Ke2 Kb6 58. Bxc8 Nxc8 59. Kd3 Kxc7 60. Ke4 Kd6 61. Kf5 Ke7 62. Ke4 Nd6+ 63.
Kd5 Nf7 0-1

[Event "*** Titled Tuesday Blitz"]
[Site "Chess.com"]
[Date "2020.02.04"]
[Round "8"]
[White "SanchezKelvin"]
[Black "Zq1"]
[Result "0-1"]
[WhiteElo "2366"]
[BlackElo "2542"]
[TimeControl "180+2"]
[EndTime "14:55:12 PST"]
[Termination "Zq1 won by resignation"]

1. d4 Nf6 2. c4 a6 3. Nc3 c5 4. d5 b5 5. cxb5 axb5 6. Nxb5 Qa5+ 7. Nc3 Bb7 8. Bd2 Qb6 9. e4 e6 10. dxe6 fxe6 11. Qc2 Nc6 12. f3 Bd6 13. Rc1 Nd4 14.
Qb1 O-O 15. Bc4 Ba6 16. Na4 Qa7 17. b3 Qc7 18. Ne2 Nxe2 19. Kxe2 Bb7 20. Be3 Kh8 21. Bd3 Nh5 22. Nxc5 Bxc5 23. Rxc5 Nf4+ 24. Kf1 Qd6 25. Be2 Ba6 26. Bxf4 Bxe2+ 27. Kxe2 Qxc5 28. Be3 Qb5+ 29. Kf2 Rfb8 30. Rd1 d5 31. exd5 exd5 32. Rd2 Qb7 33. Bd4 Re8 34. Qd3 Re7 35. h4 Kg8 36. Bc5 Rd7 37. a4 d4 38. Qc4+ Qd5 39. Rxd4 Qxc4 40.
Rxc4 Rd2+ 41. Kg3 Rb2 42. Rc3 Ra2 43. Bd4 Rd8 44. Be5 Rd5 45. f4 Rdd2 46. Kf3 Rxg2 47. Rc7 h5 48. Ra7 Raf2+ 49. Ke4 Re2+ 50. Kf5 Kh7 51. b4 Rg6 52. b5 Reg2 53. a5 Ra2 54. b6 Kh6 55. Rxg7 Rxg7 56. Bxg7+ Kxg7 57. b7 Rxa5+ 0-1

[Event "*** Titled Tuesday Blitz"]
[Site "Chess.com"]
[Date "2020.02.04"]
[Round "8"]
[White "ChadBiryani"]
[Black "dragos420"]
[Result "0-1"]
[WhiteElo "2315"]
[BlackElo "2479"]
[TimeControl "180+2"]
[EndTime "14:55:17 PST"]
[Termination "dragos420 won by resignation"]

1. d4 Nf6 2. Bf4 e6 3. e3 b6 4. Nf3 Bb7 5. Bd3 Be7 6. O-O O-O 7. h3 d6 8. Nbd2 Nbd7 9. Qe2 Re8 10. Rfe1 Bf8 11. Bh2 e5 12. dxe5 dxe5 13. Ng5 h6 14. Nge4 Nxe4 15. Bxe4 Bxe4 16. Nxe4 f5 17. Qc4+ Kh8 18.
Ng3 g6 19. Qf7 f4 20. exf4 exf4 21. Ne4 Ne5 22. Qxf4 Bg7 23. Rad1 Qe7 24. Nc3 Rad8 25. Bg3 Rxd1 26. Rxd1 Qc5 27. Rd5 Qc6 28. Qe4 Nc4 29. Re5 Qxe4 30. Rxe4 Rxe4 31. Nxe4 Nxb2 32. Bxc7 Nc4 33.
Bb8 a6 34. Ba7 b5 35. Bc5 Kg8 36. Kf1 Kf7 37. Ke2 Ke6 38. f3 Kd5 39. Bb4 a5 40. Bc3 Bf8 41. Bf6 b4 42. Kd3 a4 43. Nd2 Nxd2 44. Kxd2 Kc4 45. g4 Bd6 46. Bg7 Bf4+ 47. Kd1 b3 48. cxb3+ axb3 49. axb3+ Kxb3 50. h4 Kc4 51. Kc2 h5 52. gxh5 gxh5 53. Bf6 Kd5 54. Kd3 Ke6 55. Bd8 Kf5 56. Kd4 Bg3 57. Ke3 Bh2 58. Bg5 Bg1+ 59. Kd3 Bh2 60. Kd4 Bg1+ 61. Kd5 Bh2 62.
Kc6 Bf4 63. Kd7 Bxg5 64. hxg5 Kxg5 65. Ke6 Kf4 0-1

[Event "*** Titled Tuesday Blitz"]
[Site "Chess.com"]
[Date "2020.02.04"]
[Round "8"]
[White "DonPreuss"]
[Black "lelya96"]
[Result "1/2-1/2"]
[WhiteElo "2236"]
[BlackElo "2459"]
[TimeControl "180+2"]
[EndTime "14:55:19 PST"]
[Termination "Game drawn by repetition"]

1. d4 Nf6 2. Nc3 e6 3. e4 d5 4.
exd5 exd5 5. Bd3 Be7 6. Nge2 c6 7. O-O O-O 8. Ng3 Re8 9. Nh5 g6 10. Nxf6+ Bxf6 11. Ne2 Bg7 12. c3 Nd7 13. f4 c5 14.
f5 cxd4 15. fxg6 hxg6 16. Nxd4 Ne5 17. Bc2 Bg4 18. Qd2 Nc4 19. Qf4 Qd7 20. h3 Be6 21. b3 Nd6 22. Ba3 Nb5 23. Nxb5 Qxb5 24.
Rae1 Qb6+ 25. Kh1 Bxc3 26. Re3 Bd2 27. Qf6 Qxe3 28. Bb2 Qh6 29. Rf3 Bg5 30. Qd4 Bc1 31. Bc3 Re7 32. Rg3 Be3 33. Qxe3 Qxe3 34. Rxe3 Bf5 35.
Rxe7 Bxc2 36. Rxb7 Be4 37. Bd4 a6 38. Kg1 Rc8 39.
Kf2 Kf8 40. Ke3 Ke8 41. g4 Rc6 42. a4 Re6 43. Kd2 Bf3 44. g5 Re2+ 45. Kc3 Re6 46. Bf6 Bg2 47. h4 Re3+ 48. Kd4 Re4+ 49. Kc5 Re6 50.
b4 d4 51. Rb8+ Kd7 52. Rd8+ Kc7 53. b5 axb5 54. axb5 Re1 55. Rxd4 Rc1+ 56. Kb4 Rb1+ 57. Kc3 Rc1+ 58. Kd2 Rb1 59. Ke3 Rxb5 60. Bd8+ Kc6 61.
Bf6 Rb3+ 62. Kf4 Rh3 63. Kg4 Rh1 64. Rd8 Bd5 65. Rc8+ Kd6 66. Rd8+ Kc6 67. Rc8+ Kd7 68. Rd8+ Ke6 69. Re8+ Kd7 70. Rd8+ Kc6 1/2-1/2

[Event "*** Titled Tuesday Blitz"]
[Site "Chess.com"]
[Date "2020.02.04"]
[Round "8"]
[White "Korchmar_Vasiliy"]
[Black "Konavets"]
[Result "0-1"]
[WhiteElo "2807"]
[BlackElo "3015"]
[TimeControl "180+2"]
[EndTime "14:55:24 PST"]
[Termination "Konavets won on time"]

1. d4 Nf6 2. c4 c5 3. d5 e6 4. Nc3 exd5 5. cxd5 d6 6. Nf3 g6 7. g3 Bg7 8. Bg2 O-O 9. O-O Re8 10.
Bf4 Na6 11. Re1 Ne4 12. Nxe4 Rxe4 13. Nd2 Rb4 14. Rb1 Bxb2 15. Rxb2 Rxb2 16. Qa1 Rb4 17. Bh6 f6 18. Ne4 Rxe4 19. Bxe4 Qe7 20. Bf3 Bd7 21. h4 Re8 22. Kg2 Nc7 23. Bd2 Nb5 24. e3 Bf5 25. Qb2 Nc7 26. Qxb7 Be4 27. Bxe4 Qxe4+ 28. Kg1 Nxd5 29. Qxa7 c4 30. a4 c3 31. Bc1 Nb4 32. Rd1 Nd3 33. Qd7 Ra8 34. Qxd6 Ne5 35. Qe6+ Kg7 36. Qe7+ Kh6 37. Qxf6 Nf3+ 38. Kf1 Rxa4 39.
Qf8+ Kh5 40. Qc5+ Kg4 41. Qc8+ Qf5 42. Qxf5+ gxf5 43. Rd3 Rc4 44. Ke2 Ng1+ 45. Kd1 Nh3 46. Ke2 Ng1+ 47. Kd1 Kf3 48. e4+ Kxe4 49. Kc2 Ra4 50.
f3+ Ke5 51. Bf4+ Ke6 52. Rxc3 Ra2+ 53. Kb3 Rf2 54. Rc6+ Kd5 55. Rd6+ Kc5 56. Rf6 Rxf3+ 57. Kc2 Ne2 58. Rxf5+ Kc4 59. Rf8 Nd4+ 60. Kd2 Rf2+ 61.
Kd1 Kd3 62. Kc1 Ne2+ 63. Kb1 Nc3+ 0-1

[Event "*** Titled Tuesday Blitz"]
[Site "Chess.com"]
[Date "2020.02.04"]
[Round "8"]
[White "enriquetejedor"]
[Black "TheBigBoss04"]
[Result "1-0"]
[WhiteElo "2544"]
[BlackElo "2656"]
[TimeControl "180+2"]
[EndTime "14:55:32 PST"]
[Termination "enriquetejedor won by resignation"]

1. d4 Nf6 2. Bg5 c5 3. d5 e6 4. Nc3 h6 5. Bxf6 Qxf6 6. Nb5 Qd8 7. e3 a6 8. Nc3 d6 9. a4 e5 10. g3 h5 11. h4 g6 12. Bh3 Nd7 13. Nf3 Bg7 14.
Ng5 Qe7 15. Nce4 b6 16. Qf3 Rf8 17. Nh7 Rh8 18. Nhg5 Rf8 19. Nh7 Rh8 20. Bxd7+ Bxd7 21. Nhf6+ Kd8 22. a5 Bf5 23. axb6 Bxf6 24. Nxf6 e4 25. Qf4 Qxf6 26. b7 Rb8 27. Rxa6 Ke7 28. Rb6 Rhd8 29. g4 Bxg4 30. Qxe4+ Kf8 31. Rg1 Rd7 32. Rxg4 hxg4 33. Qxg4 Qd8 34. Rc6 Rdxb7 35. h5 Rb4 36. Qg3 gxh5 37.
Rxd6 Qh4 38. Qe5 Kg8 39. Rh6 f6 40. Qf5 Qg5 41. Rg6+ Kh8 42. Rxg5 fxg5 43. Qxg5 Rxb2 44. Qxh5+ Kg8 45. Kf1 Kg7 46. Kg2 R2b6 47. Qe5+ Kf7 48. c4 Rg6+ 49. Kf1 Rb1+ 50. Ke2 Rb7 51. Qf5+ Kg7 52. Qc8 Rb2+ 53. Kd3 Rxf2 54. Qxc5 Rf3 55.
Qe7+ Kg8 56. Kd4 Rf7 57. Qe8+ Kg7 58. c5 Rg4+ 59. e4 Rg1 60. c6 Rd1+ 61. Ke5 Rg1 62. Qd8 Rg4 63. c7 Rff4 64. Qe7+ Kg6 65. Qe6+ Kg7 66. Qxg4+ Rxg4 67. c8=Q Rg5+ 1-0

[Event "*** Titled Tuesday Blitz"]
[Site "Chess.com"]
[Date "2020.02.04"]
[Round "8"]
[White "vladimirdamjanovic"]
[Black "Gogolev_Artemy"]
[Result "0-1"]
[WhiteElo "2613"]
[BlackElo "2525"]
[TimeControl "180+2"]
[EndTime "14:55:33 PST"]
[Termination "Gogolev_Artemy won by checkmate"]

1. d4 Nf6 2. c4 e6 3. Nf3 d5 4. Nc3 Bb4 5. cxd5 exd5 6. Bg5 Nbd7 7. a3 Bd6 8. Nxd5 h6 9. Nxf6+ Nxf6 10. Bh4 O-O 11. e3 c5 12. dxc5 Bxc5 13. Qxd8 Rxd8 14. Bxf6 gxf6 15. Bc4 b5 16. Be2 b4 17. O-O bxa3 18.
bxa3 Rb8 19. Rfc1 Bd6 20. Nd4 Be5 21. Nc6 Bxa1 22. Nxd8 Bb2 23. Rc7 Bxa3 24. Rxa7 Bc5 25. Ra5 Rb1+ 26. Bf1 Bb6 27. Rb5 Rxb5 28. Bxb5 Bxd8 29.
g3 Bb7 30. f4 Be4 31. Kf2 f5 32. Bc4 Kg7 33. h3 Kf6 34. Bb3 Bb6 35. Bc4 Bc6 36. Bb3 Bd7 37. Bc4 Be6 38. Bd3 Bd5 39. Bc2 Ke6 40.
g4 Be4 41. Bb3+ Kf6 42. Ba2 Bc2 43. Bc4 Bd1 44. gxf5 Bc2 45. Kf3 Bxf5 46. e4 Bxh3 47. e5+ Kg6 48. Kg3 Be6 49. Bd3+ Bf5 50. Bc4 h5 51.
Bb3 Ba5 52. Kf3 Bd2 53. Bc4 Bc1 54. Bb3 h4 55. Bc4 Be6 56. Bd3+ Kh5 57. f5 Bd5+ 58. Kf2 Kg5 59. e6 fxe6 60. fxe6 Bxe6 61. Kg2 Bd5+ 62. Kh3 Be6+ 63. Kg2 Bf4 64. Be4 h3+ 65. Kh1 Kh4 66.
Ba8 Kg3 67. Be4 Bb3 68. Kg1 Be3+ 69. Kh1 Bc4 70. Bf5 Bd5+ 71. Be4 Bxe4# 0-1

[Event "*** Titled Tuesday Blitz"]
[Site "Chess.com"]
[Date "2020.02.04"]
[Round "8"]
[White "MathiasWomacka"]
[Black "dmosesov"]
[Result "1/2-1/2"]
[WhiteElo "2443"]
[BlackElo "2583"]
[TimeControl "180+2"]
[EndTime "14:55:37 PST"]
[Termination "Game drawn by agreement"]

1. e4 c5 2. Nf3 d6 3. d4 cxd4 4. Nxd4 Nf6 5. Nc3 a6 6. Be2 Nbd7 7. g4 Nc5 8. f3 e5 9. Nf5 g6 10. Ne3 h6 11. h4 Be6 12. Ned5 Nxd5 13. Nxd5 Bxd5 14.
Qxd5 Qc7 15. Be3 Ne6 16. O-O-O Rc8 17. c3 Bg7 18. Qxd6 Qxd6 19. Rxd6 Nd4 20. Bd1 Ke7 21. Rb6 Rc7 22. Kb1 Ne6 23. Bb3 Rd8 24. h5 g5 25. Bxe6 fxe6 26. Kc2 Rcd7 27. b4 Kf7 28. a4 Bf8 29. Rh2 Be7 30. b5 axb5 31. Rxb5 Rd3 32.
Re2 R8d7 33. Rd2 Rxd2+ 34. Bxd2 Bd6 35. Be3 Ke8 36. c4 Rf7 37. c5 Bf8 38. Kd2 Kd8 39.
Rb6 Rxf3 40. Rxe6 Rg3 41. Rxe5 Rxg4 42. Rf5 Be7 43. Kd3 Rh4 44. a5 Rh1 45. c6 bxc6 46. a6 Ra1 47. a7 c5 48. Bxc5 Bxc5 49. Rxc5 Rxa7 50. Rc6 Ra3+ 51. Kd4 g4 52. Rxh6 Rh3 53.
e5 g3 54. Kd5 g2 55. Rg6 Rxh5 56.
Rxg2 Ke7 57. Rg7+ Kf8 58. Ra7 Rh6 59. e6 Rh1 60. Kd6 Rd1+ 61. Ke5 Re1+ 62. Kf6 Rf1+ 63. Ke5 1/2-1/2

[Event "*** Titled Tuesday Blitz"]
[Site "Chess.com"]
[Date "2020.02.04"]
[Round "8"]
[White "Al_Shima"]
[Black "CM_Perligero"]
[Result "1-0"]
[WhiteElo "2427"]
[BlackElo "2089"]
[TimeControl "180+2"]
[EndTime "14:55:37 PST"]
[Termination "Al_Shima won by checkmate"]

1. b3 Nf6 2. Bb2 g6 3. Bxf6 exf6 4. c4 Bg7 5. Nc3 O-O 6. g3 b6 7.
Bg2 Nc6 8. b4 Bb7 9. b5 Na5 10.
Bxb7 Nxb7 11. Nf3 f5 12. Qc2 Nd6 13. d3 Qf6 14. Rc1 f4 15. Nd5 Qd8 16. Nxf4 c6 17.
a4 Re8 18. O-O Nb7 19. e3 Rc8 20. Qa2 Qf6 21. h4 h6 22. Kg2 g5 23. hxg5 hxg5 24. Nh5 Qg6 25. Nxg7 Qxg7 26. Qa1 Qg6 27. Rfd1 Nc5 28.
Qa3 g4 29. Nd4 Kg7 30. a5 Rh8 31. axb6 axb6 32. bxc6 dxc6 33. Qc3 f6 34. Ne2 Qh7 35. Rh1 Qxd3 36. Qxd3 Nxd3 37. Rxh8 Rxh8 38. Ra1 Ne5 39. Ra7+ Kg6 40. e4 Nxc4 41. Nf4+ Kh6 42. Rf7 Rc8 43.
Rxf6+ Kh7 44. Rg6 Ne5 45. Rg5 Re8 46. Nh5 Kh6 47. Rf5 Kg6 48. Nf4+ Kg7 49. Rg5+ Kh6 50. Rh5+ Kg7 51. Rg5+ Kf6 52. Rf5+ Kg7 53. Nh5+ Kh7 54. Nf6+ Kg6 55. Nxe8 Nd3 56. Rf6+ Kg5 57. Rxc6 b5 58. Rb6 b4 59. Nc7 Kh5 60. Nd5 b3 61. Nf4+ Nxf4+ 62. gxf4 g3 63. fxg3 b2 64. Kh3 b1=Q 65. g4# 1-0

[Event "*** Titled Tuesday Blitz"]
[Site "Chess.com"]
[Date "2020.02.04"]
[Round "8"]
[White "vlad_Sid"]
[Black "Duhless"]
[Result "0-1"]
[WhiteElo "2740"]
[BlackElo "3050"]
[TimeControl "180+2"]
[EndTime "14:55:41 PST"]
[Termination "Duhless won by resignation"]

1. c4 e5 2. g3 Nc6 3. Bg2 h5 4. h4 Bc5 5. Nc3 d6 6. e3 a6 7. Nge2 Bg4 8. a3 Ba7 9. b4 Nf6 10. Bb2 O-O 11. Nd5 Nxd5 12. cxd5 Ne7 13. d4 Nf5 14. dxe5 dxe5 15. Qd2 Re8 16. O-O c6 17. Nc3 g5 18. hxg5 Qxg5 19. Ne4 Qg6 20. dxc6 Rad8 21. Qc3 h4 22. c7 Rc8 23. Rae1 Re6 24. f3 Nxg3 25.
Nxg3 Bh3 26. Bxh3 Qxg3+ 27. Bg2 h3 28. Re2 Rxc7 29. Qd3 Rd7 30. Qe4 Qg6 31. Bxe5 Qxe4 32. fxe4 Rxe5 33. Bxh3 Rd3 34. Rg2+ Kf8 35. Rf3 Rxa3 36.
Bf5 Rxe3 37. Rxe3 Bxe3+ 38. Kf1 Rb5 39. Rb2 Bc5 40. Rc2 Bxb4 41. Ke2 Bd6 42. Kd3 Ke7 43. Rc8 a5 44. Ra8 Rb3+ 45. Kc4 Rb4+ 46. Kd5 Rb5+ 47. Kc4 Rc5+ 48. Kd4 b6 49. Ra7+ Kf6 50. Bh7 Be5+ 51. Kd3 Rc3+ 52. Kd2 Rg3 53. Bf5 Bd4 54. Bd7 Bc5 55. Bc6 Ra3 56. Bd5 Ke5 57. Rxf7 b5 58. Kc2 a4 59. Kb2 b4 60. Rc7 Bd4+ 61. Kc2 b3+ 62. Kd3 b2+ 63. Kc2 Ra1 64. Rb7 Rc1+ 65. Kd2 b1=Q 66. Rxb1 Rxb1 0-1